 Dungeon Crawl Stone Soup version 0.17-a0-2002-g92c7e20 (webtiles) character file.

175296 dpvblackbelt the Imperceptible (level 17, -9/120 HPs)
             Began as a Vampire Enchanter on Oct 7, 2015.
             Was the Champion of Dithmenos.
             Killed from afar by a deep elf high priest (22 damage)
             ... with a burst of hellfire
             ... on level 3 of the Elven Halls on Oct 9, 2015.
             The game lasted 03:49:07 (62413 turns).

dpvblackbelt the Imperceptible (Vampire Enchanter) Turns: 62413, Time: 03:49:07

Health: -9/120     AC: 19    Str: 17    XL:     17   Next: 47%
Magic:  17/17      EV: 23    Int: 22    God:    Dithmenos [******]
Gold:   1449       SH:  0    Dex: 21    Spells: 6 memorised, 6 levels left

rFire  + . .     SeeInvis +     b - +5 triple sword (vamp)
rCold  + + .     Clarity  +     M - +5 robe of Repulsion {+Blink rPois MR++}
rNeg   + + +     SustAt   +     (no shield)
rPois  ∞         Gourm    .     p - +0 helmet
rElec  +         Spirit   .     Z - +0 cloak
rCorr  .         Warding  .     v - +2 pair of fencer's gloves {LBl+4 SBl+4 EV+3 Dex+6}
rMut   .         Stasis   .     x - +2 pair of boots
MR     ++++.                    K - amulet of Serendipity {+Rage rElec rF+}
Stlth  ++++++++++               H - ring "Rouwouhe" {SustAt rN+ MR+ Str+4 Stlth+}
                                d - ring of Kaisyfi {Wiz +Inv rElec MP-9 Str+5}

@: very slightly contaminated, bloodless, non-regenerating, wreathed by umbra,
invisible, incredibly resistant to hostile enchantments, uncannily stealthy
A: fangs 3, rough black scales 1, see invisible, berserk 1, clarity,
deterioration 1, screaming 1, unbreathing, MP-powered wands
a: Bat Form, Shadow Step, Shadow Form, Renounce Religion, Evoke Blink, Evoke
Berserk Rage


You were on level 3 of the Elven Halls.
You worshipped Dithmenos.
Dithmenos was exalted by your worship.
You were bloodless.

You visited 5 branches of the dungeon, and saw 28 of its levels.
You visited 1 bazaar.
You also visited: Ossuary and Ice Cave.

You collected 3216 gold pieces.
You spent 1767 gold pieces at shops.

Inventory:

Hand Weapons
 a - a +7 dagger
   (You subdued it on level 2 of the Elven Halls)
 b - a +5 vampiric triple sword (weapon)
   (You subdued it on level 2 of the Elven Halls)
 r - a +0 blowgun
   (You took it off a kobold on level 3 of the Dungeon)
 F - a +0 dagger of venom
   (You took it off a kobold demonologist on level 12 of the Dungeon)
 G - a +3 double sword
   (You took it off Maud on level 8 of the Lair of Beasts)
Missiles
 q - 3 curare-tipped needles
 s - 4 throwing nets {=f, !d}
Armour
 p - a +0 helmet (worn)
   (You found it on level 8 of the Dungeon)
 v - the +2 pair of fencer's gloves (worn) {LBl+4 SBl+4 EV+3 Dex+6}
   (You found it on level 4 of the Dungeon)

   It affects your evasion (+3).
   It affects your dexterity (+6).
 x - a +2 pair of boots (worn)
   (You bought it in a shop on level 4 of the Dungeon)
 M - the +5 robe of Repulsion (worn) {+Blink rPois MR++}
   (You bought it in a shop in a bazaar)

   It protects you from poison.
   It affects your resistance to hostile enchantments.
   It lets you blink.
 Z - a +0 cloak (worn)
   (You found it on level 10 of the Dungeon)
Jewellery
 d - the ring of Kaisyfi (left hand) {Wiz +Inv rElec MP-9 Str+5}
   (You bought it in a shop on level 4 of the Orcish Mines)

   [ring of wizardry]

   It improves your spell success rate.
   It affects your strength (+5).
   It insulates you from electricity.
   It affects your magic capacity (-9).
   It lets you turn invisible.
 l - an uncursed ring of protection from magic {MR+, !d}
   (You found it on level 1 of the Dungeon)
 u - an uncursed ring of teleportation {+/*tele, !d}
   (You found it on level 4 of the Dungeon)
 B - the ring of Baugrass {rF+ rN+ Str-2 Dex+2}
   (You acquired it on level 8 of the Lair of Beasts)

   [ring of positive energy]

   It affects your strength (-2).
   It affects your dexterity (+2).
   It protects you from fire.
   It protects you from negative energy.
 H - the ring "Rouwouhe" (right hand) {SustAt rN+ MR+ Str+4 Stlth+}
   (You bought it in a shop on level 3 of the Elven Halls)

   [ring of sustain attributes]

   It sustains your strength, intelligence and dexterity.
   It affects your strength (+4).
   It protects you from negative energy.
   It affects your resistance to hostile enchantments.
   It makes you more stealthy.
 I - an uncursed ring of protection from cold {unknown}
   (You found it on level 3 of the Elven Halls)
 K - the amulet of Serendipity (around neck) {+Rage rElec rF+}
   (You found it on level 8 of the Dungeon)

   [amulet of rage]

   It protects you from fire.
   It insulates you from electricity.
   It lets you go berserk.
 L - the ring of the Will of the Gods {rElec rF+ MP+9 SInv Stlth-, unknown}
   (You took it off a deep elf conjurer on level 3 of the Elven Halls)

   [ring of protection from fire]

   It protects you from fire.
   It insulates you from electricity.
   It affects your magic capacity (+9).
   It lets you see invisible.
   It makes you less stealthy.
 V - an uncursed amulet of regeneration {+regen, !d}
   (You found it on level 2 of the Lair of Beasts)
Wands
 R - a wand of invisibility (7)
   (You bought it in a shop on level 8 of the Dungeon)
 T - a wand of disintegration (8)
   (You found it on level 8 of the Dungeon)
Scrolls
 e - 4 scrolls of fog
 f - 2 scrolls of teleportation
 g - 16 scrolls of remove curse
 h - 4 scrolls of identify
 j - 2 scrolls of enchant armour
 o - 2 scrolls of silence
 t - 2 scrolls of fear
 y - 4 scrolls of recharging
 P - 3 scrolls of vulnerability {!r!r}
 W - 3 scrolls of magic mapping {!r}
 Y - 4 scrolls of amnesia
Potions
 i - 4 potions of might
 k - a potion of haste
 w - a potion of cancellation
 z - 4 potions of flight
 E - 2 potions of brilliance
 N - 8 potions of curing
 O - 2 potions of resistance
Books
 c - a book of Conjurations
   (You found it on level 3 of the Lair of Beasts)
 m - a book of the Earth
   (You found it in an ice cave)
 n - a book of Summonings
   (You found it on level 5 of the Lair of Beasts)
 C - a book of Minor Magic
   (You found it on level 2 of the Elven Halls)
Miscellaneous
 A - an ornate deck of escape {drawn: 1}
   (You found it on level 4 of the Lair of Beasts)
 J - a fan of gales
   (You found it on level 1 of the Elven Halls)
 X - a phial of floods
   (You found it on level 1 of the Elven Halls)


   Skills:
 - Level 7.3 Fighting
 - Level 6.2(15.0) Short Blades
 + Level 12.8(17.2) Long Blades
 - Level 8.5 Dodging
 - Level 22.2 Stealth
 - Level 2.0 Spellcasting
 - Level 19.2 Hexes
 - Level 5.4 Ice Magic
 - Level 7.8 Invocations
 - Level 12.7 Evocations


You had 6 spell levels left.
You knew the following spells:

 Your Spells              Type           Power        Failure   Level  Hunger
a - Ensorcelled Hibernat  Hex/Ice        ######       1%          2    ##.....
b - Dazzling Spray        Conj/Hex       #####...     1%          3    ###....
c - Confuse               Hex            ######..     0%          3    ###....
d - Fulminant Prism       Conj/Hex       #####.....   1%          4    #####..
g - Apportation           Tloc           #.........   6%          1    #......
v - Corona                Hex            ######.      0%          1    #......


Dungeon Overview and Level Annotations

Branches:
Dungeon (12/15)            Temple (1/1) D:6            Lair (8/8) D:11
  Swamp (0/4) Lair:3        Snake (0/4) Lair:5        Slime (0/6) Lair:7
    Orc (4/4) D:12            Elf (3/3) Orc:3

Altars:
Ashenzari
Cheibriados
Dithmenos
Elyvilon
Fedhas
Gozag
Kikubaaqudgha
Makhleb
Nemelex Xobeh
Okawaru
Qazlal
Ru
Sif Muna
Trog
Vehumet
Xom
Zin
The Shining One
Beogh
Jiyva
Lugonu

Shops:
D:4 [   D:8 }   D:9 *(   Orc:2 %   Orc:3 %   Orc:4 ([=[=   Elf:3 =


Innate Abilities, Weirdness & Mutations

You do not heal naturally.
You are immune to poison.
You have razor-sharp teeth.
You have supernaturally acute eyesight.
You can survive without breathing.
You are partially covered in rough black scales (AC +4, Dex -1).
You tend to lose your temper in combat.
You possess an exceptional clarity of mind.
Your body sometimes deteriorates upon taking damage.
You occasionally shout uncontrollably at your foes.
You expend magic power (3 MP) to strengthen your wands.


Message History

Your life force is offered up.
The deep elf high priest utters a dark prayer and points at you.
Your life force is offered up.
You take 5 damage, and have 52/120 hp.
The deep elf high priest unwields an uncursed long sword of electrocution.
It stops crackling.
The deep elf high priest wields a shortbow.
The deep elf high priest shoots an arrow.
The arrow misses you.
The deep elf high priest shoots an arrow.
The arrow misses you.
You see here an arrow.
The deep elf high priest unwields an uncursed long sword of distortion.
Its appearance distorts for a moment.
The deep elf high priest wields a glowing shortbow.
The deep elf high priest shoots an arrow.
The arrow misses you.
Things that are here:
an arrow; a short sword; 96 gold pieces The deep elf high priest utters an invocation to its god.
You see here a scimitar of holy wrath.
Items here: $ ) = ? [ a battleaxe of chopping; a scale mail; a diamond ring; a scroll of amnesia 141 gold pieces
Things that are here:
a short sword; a leather armour
Things that are here:
an arrow; a long sword
Items here: )))) [ an enchanted short sword; a glowing chain mail; a long sword; a long sword a dagger The sixfirhy hits you!
The sixfirhy shocks you. You resist. The sixfirhy misses you.
The sixfirhy completely misses you. The sixfirhy completely misses you.
You see here a short sword.
You take 14 damage, and have 39/120 hp.
You see here a long sword.
Things that are here:
a leather armour; a rapier
Things that are here:
a rapier; a long sword The sixfirhy barely misses you.
The sixfirhy completely misses you. The sixfirhy barely misses you.
The sixfirhy hits you but does no damage.
The sixfirhy completely misses you. The sixfirhy closely misses you.
The sixfirhy completely misses you. x2
The sixfirhy completely misses you. The sixfirhy closely misses you.
The sixfirhy hits you. The sixfirhy shocks you. You resist.
The sixfirhy hits you but does no damage.
You take 2 damage, and have 39/120 hp.
You see here a dagger.
Things that are here:
a leather armour; a long sword The sixfirhy hits you but does no damage.
The sixfirhy misses you. The sixfirhy hits you!
* * * LOW HITPOINT WARNING * * *
The sixfirhy shocks you. You resist.
* * * LOW HITPOINT WARNING * * *
There is an open door, spattered with blood here.
Items here: (( ))))) [[ You take 10 damage, and have 30/120 hp.
The sixfirhy completely misses you.
You hit the sixfirhy.
Your shadow hits the sixfirhy with a triple sword!
You closely miss the sixfirhy. Your bite misses the sixfirhy.
The sixfirhy hits you.
* * * LOW HITPOINT WARNING * * *
The sixfirhy shocks you. You resist.
* * * LOW HITPOINT WARNING * * *
The sixfirhy barely misses you.
You take 5 damage, and have 25/120 hp.
You slice the sixfirhy!! Your bite misses the sixfirhy.
Your shadow closely misses the sixfirhy.
The sixfirhy misses you. The sixfirhy completely misses you.
The sixfirhy misses you. The sixfirhy completely misses you.
You closely miss the sixfirhy. Your bite misses the sixfirhy.
The sixfirhy completely misses you. x2
You feel devoid of blood!
You barely miss the sixfirhy.
Drink which item? (? for menu, Esc to quit)
You fade into invisibility!
You catch the helpless sixfirhy completely off-guard!
You slice the sixfirhy like a ripe choko!!!
You kill the sixfirhy!
The deep elf high priest prays to its god.
The deep elf high priest prays to its god.
There is an open door, spattered with blood here.
Items here: (( ))))) [[ You slash the deep elf high priest!
You feel better.
The deep elf high priest mumbles some strange prayers to its god against you.
The hellfire explodes!
The burst of hellfire engulfs you!
* * * LOW HITPOINT WARNING * * *
You emit a cloud of dark smoke.
The burst of hellfire engulfs the deep elf high priest.
You take 23 damage, and have 3/120 hp.
Drink which item? (? for menu, Esc to quit)
You feel better.
The deep elf high priest mumbles some strange prayers to its god against you.
The hellfire explodes!
The burst of hellfire engulfs you!
You die...

....## #####.# ##..)..) .....##
##..##.# ##..... ...§..###....#.#
#..... ...)...#.......# ###...
....<..........# ##..
.).............##################
.[....)...)..)3§).....e....)[)).)
...............e#################
...............§@..)(#
.%.............§####.#
#.##''####''##### #.# #.##..#
#..# #.# [.##..####).# #.#
#.##........########.#
[)(......)))...(.....#
.)......).(###########
#.########.#


You could see a deep elf high priest and a neqoxec (wandering).

Vanquished Creatures
  Asterion (Elf:1)
  2 deep elf master archers (Elf:3)
  6 deep elf sorcerers
  Maud (Lair:8)
  An orc warlord (Elf:3)
  8 deep elf demonologists
  8 deep elf annihilators
  6 deep elf death magi
  A fire dragon (Lair:8)
  8 deep elf high priests
  5 hydras
  Harold (Orc:1)
  Erica (D:10)
  3 ogre magi
  15 dancing weapons (Elf:2)
  4 death yaks
  2 orc high priests (Elf:1)
  Urug (Lair:1)
  31 deep elf knights
  A fire crab (shapeshifter) (Elf:3)
  2 deep trolls (Orc:4)
  6 hill giants
  3 ice statues (IceCv)
  10 deep elf summoners
  7 orc knights
  3 orc sorcerers
  The ghost of PeterLawrence the Basher, a novice MiFi of Okawaru (D:9)
  20 deep elf conjurers
  A salamander (shapeshifter) (Elf:1)
  2 cyclopes (Orc:4)
  4 ugly things
  A manticore (D:12)
  3 griffons
  16 elephants
  Joseph (D:8)
  A kobold demonologist (D:12)
  16 spiny frogs
  13 black mambas
  7 komodo dragons
  10 trolls
  16 deep elf priests
  7 two-headed ogres
  A polar bear (Lair:3)
  8 fire drakes
  A blink frog (shapeshifter) (Elf:2)
  15 blink frogs
  Sigmund (D:6)
  7 wyverns
  A wraith (Ossuary)
  8 hippogriffs
  26 deep elf magi
  53 yaks
  6 basilisks
  2 spriggans
  33 deep elf fighters
  2 steam dragons
  4 wargs
  4 hungry ghosts
  13 porcupines
  Edmund (D:5)
  A mottled dragon (Lair:8)
  7 wolves
  6 sky beasts
  22 water moccasins
  A naga (Lair:5)
  20 ice beasts
  21 orc warriors
  3 phantoms
  2 wasps
  4 spiders
  A black bear (D:10)
  A necrophage (D:6)
  26 ogres
  8 centaurs
  23 crocodiles
  17 giant frogs
  5 big kobolds
  15 killer bees
  A wyvern skeleton (D:8)
  5 scorpions
  2 electric eels
  9 wights (D:10)
  9 crimson imps
  2 centaur zombies
  2 giant frog zombies
  7 jellies
  15 orc priests
  8 hounds
  3 centaur skeletons
  3 quasits
  Jessica (D:2)
  2 giant frog skeletons
  19 iguanas
  40 orc wizards
  A hell rat (Lair:3)
  24 sheep
  10 worker ants
  4 hound skeletons
  A mummy (Ossuary)
  A worker ant zombie (D:11)
  20 adders
  3 gnolls (D:7)
  68 river rats
  4 shadow imps
  2 oozes (D:2)
  An adder zombie (D:6)
  A worm (D:3)
  13 giant geckos
  110 orcs
  2 ball pythons
  10 bats
  5 goblins
  8 hobgoblins
  25 kobolds
  9 quokkas
  4 giant cockroaches
  4 giant newts
  7 gnoll skeletons (Ossuary)
  10 jackals
  A jackal zombie (D:5)
  6 kobold skeletons (Ossuary)
  11 orc skeletons (Ossuary)
  10 rats
  2 crawling corpses (Elf:3)
  13 fulminant prisms
1143 creatures vanquished.

Vanquished Creatures (others)
  A deep elf demonologist (Elf:3)
  A ball lightning (Lair:8)
  A deep elf fighter (Elf:3)
  An orc (Elf:3)
  34 fulminant prisms
  29 fungi
  35 plants
102 creatures vanquished.

Grand Total: 1245 creatures vanquished

Notes
Turn   | Place    | Note
--------------------------------------------------------------
     0 | D:1      | dpvblackbelt the Vampire Enchanter began the quest for the Orb.
     0 | D:1      | Reached XP level 1. HP: 13/13 MP: 3/3
   369 | D:1      | Reached skill level 5 in Hexes
   536 | D:1      | Reached XP level 2. HP: 17/19 MP: 5/5
   580 | D:1      | Learned a level 2 spell: Ensorcelled Hibernation
  1586 | D:1      | Reached skill level 6 in Hexes
  1729 | D:2      | Reached XP level 3. HP: 24/24 MP: 6/6
  2322 | D:2      | Reached skill level 7 in Hexes
  2330 | D:2      | HP: 6/24 [adder (2)]
  2332 | D:2      | Reached XP level 4. HP: 10/30 MP: 4/7
  2773 | D:2      | Found a bloodstained altar of Trog.
  2821 | D:2      | Found a burning altar of Makhleb.
  3206 | D:2      | Reached skill level 8 in Hexes
  3261 | D:2      | Noticed Jessica
  3281 | D:2      | Killed Jessica
  3281 | D:2      | Reached XP level 5. HP: 35/35 MP: 2/8
  3682 | D:3      | Reached skill level 9 in Hexes
  4132 | D:4      | Noticed an ogre
  4139 | D:4      | Killed an ogre
  4139 | D:4      | Reached skill level 10 in Hexes
  4139 | D:4      | Reached XP level 6. HP: 41/41 MP: 4/9
  4144 | D:4      | Learned a level 3 spell: Confuse
  4148 | D:4      | Learned a level 3 spell: Dazzling Spray
  4178 | D:4      | Reached skill level 5 in Stealth
  4245 | D:4      | Upgraded the game from 0.17-a0-1987-gaf5a542 to 0.17-a0-1996-gd2c0ec8
  4413 | D:4      | Found Fuitucewor's Armour Boutique.
  4416 | D:4      | Bought a +0 pair of boots for 49 gold pieces
  4703 | D:5      | Entered Level 5 of the Dungeon
  4712 | D:5      | Reached skill level 6 in Stealth
  4728 | D:5      | Reached skill level 7 in Stealth
  4728 | D:5      | Reached XP level 7. HP: 46/46 MP: 8/10
  4740 | D:5      | Found an opulent altar of Gozag.
  4779 | D:5      | Reached skill level 8 in Stealth
  4869 | D:5      | Found a blossoming altar of Fedhas.
  4878 | D:5      | Reached skill level 9 in Stealth
  5040 | D:5      | Reached skill level 10 in Stealth
  5252 | D:5      | Reached skill level 2 in Short Blades
  5277 | D:5      | Reached skill level 3 in Short Blades
  5277 | D:5      | Reached XP level 8. HP: 49/52 MP: 2/11
  5396 | D:5      | Noticed Edmund
  5403 | D:5      | Killed Edmund
  5403 | D:5      | Reached skill level 4 in Short Blades
  5456 | D:5      | Reached skill level 5 in Short Blades
  5679 | D:5      | Found an iron altar of Okawaru.
  5922 | D:6      | Reached skill level 6 in Short Blades
  6036 | D:6      | Noticed Sigmund
  6042 | D:6      | Killed Sigmund
  6042 | D:6      | Reached skill level 1 in Fighting
  6042 | D:6      | Reached skill level 3 in Dodging
  6135 | D:6      | Reached skill level 2 in Fighting
  6173 | D:6      | Found a staircase to the Ecumenical Temple.
  6225 | D:6      | Found a deep blue altar of Sif Muna.
  6291 | Temple   | Entered the Ecumenical Temple
  6307 | Temple   | Became a worshipper of Dithmenos the Shadowed
  6377 | D:6      | Found a stormy altar of Qazlal.
  6669 | D:6      | Reached skill level 4 in Dodging
  6832 | D:6      | Reached skill level 3 in Fighting
  6832 | D:6      | Reached XP level 9. HP: 55/63 MP: 2/12
  7391 | D:5      | Reached skill level 5 in Dodging
  7781 | D:6      | Reached skill level 4 in Fighting
  8345 | D:7      | Found a white marble altar of Elyvilon.
  8397 | D:7      | Found a glowing golden altar of the Shining One.
  8696 | D:7      | Reached skill level 6 in Dodging
  8711 | D:7      | Reached skill level 5 in Fighting
  8923 | D:7      | Reached skill level 11 in Stealth
  9488 | D:7      | Reached skill level 12 in Stealth
  9518 | D:8      | Acquired Dithmenos's first power
  9599 | D:8      | Found a sand-covered staircase.
  9611 | D:8      | Got a steaming emerald amulet
  9617 | Ossuary  | Entered an ossuary
  9618 | Ossuary  | Identified the amulet of Serendipity {+Rage rElec rF+} (You found it on level 8 of the Dungeon)
 10327 | D:8      | Reached skill level 13 in Stealth
 10376 | D:8      | Noticed Joseph
 10379 | D:8      | Killed Joseph
 10379 | D:8      | Reached XP level 10. HP: 74/74 MP: 13/13
 10434 | D:8      | Found Gupyinam's Gadget Emporium.
 10439 | D:8      | Bought a wand of invisibility (3) for 77 gold pieces
 10521 | D:8      | Acquired Dithmenos's second power
 10617 | D:8      | Found a burning altar of Makhleb.
 10636 | D:8      | Reached skill level 14 in Stealth
 10902 | D:8      | Found an ancient bone altar of Kikubaaqudgha.
 10904 | D:8      | Found a radiant altar of Vehumet.
 10904 | D:8      | Found a deep blue altar of Sif Muna.
 10909 | D:8      | Identified Kikubaaqudgha's Catalogue of Black Secrets
 10916 | D:8      | Identified Sif Muna's Almanac of Displacement
 10925 | D:8      | Identified Vehumet's Almanac of Arcane Weapons
 10928 | D:8      | Learned a level 1 spell: Apportation
 11277 | D:8      | Reached skill level 15 in Stealth
 11561 | D:9      | Found Byssise's Weapon Shop.
 11681 | D:9      | Noticed PeterLawrence's ghost (novice MiFi)
 11697 | D:9      | Killed PeterLawrence's ghost
 11865 | D:9      | Reached skill level 16 in Stealth
 12011 | D:9      | Reached skill level 17 in Stealth
 12393 | D:9      | Found Resm's Assorted Antiques.
 12399 | D:9      | Bought a smoky puce potion for 24 gold pieces
 12399 | D:9      | Bought a white potion for 24 gold pieces
 12838 | D:9      | Acquired Dithmenos's third power
 12866 | D:10     | Entered Level 10 of the Dungeon
 13102 | D:10     | Noticed Erica
 13109 | D:10     | Killed Erica
 13109 | D:10     | Reached skill level 18 in Stealth
 13109 | D:10     | Reached XP level 11. HP: 80/80 MP: 14/14
 13155 | D:10     | Noticed a hill giant
 13516 | D:10     | Reached skill level 19 in Stealth
 13554 | D:10     | Killed a hill giant
 13656 | D:10     | Noticed a hill giant
 13715 | D:10     | Killed a hill giant
 13827 | D:10     | Reached skill level 20 in Stealth
 14591 | D:11     | Acquired Dithmenos's fourth power
 14826 | D:11     | Noticed a hill giant
 14828 | D:11     | Killed a hill giant
 14828 | D:11     | Reached skill level 21 in Stealth
 14927 | D:11     | Found a staircase to the Lair.
 15182 | D:11     | Reached XP level 12. HP: 86/86 MP: 2/15
 15456 | D:11     | Found a flickering gateway to a bazaar.
 15465 | Bazaar   | Entered a bazaar
 15467 | Bazaar   | Found Guun's Antique Armour Boutique.
 15471 | Bazaar   | Found Caffaw's Distillery.
 15471 | Bazaar   | Found Etakhlott's Gadget Boutique.
 15471 | Bazaar   | Found Xetoowki's General Store.
 15502 | Bazaar   | Bought the +5 robe of Repulsion {+Blink rPois MR++} for 366 gold pieces
 15515 | Bazaar   | Bought a potion of heal wounds for 60 gold pieces
 15515 | Bazaar   | Bought a potion of curing for 36 gold pieces
 15702 | Lair:1   | Entered Level 1 of the Lair of Beasts
 15708 | Lair:1   | Reached skill level 22 in Stealth
 15862 | Lair:1   | Noticed Urug
 15869 | Lair:1   | Killed Urug
 15998 | Lair:1   | Reached skill level 11 in Hexes
 16521 | Lair:2   | Reached skill level 12 in Hexes
 16995 | Lair:2   | Reached skill level 13 in Hexes
 17230 | Lair:2   | Reached skill level 14 in Hexes
 17985 | Lair:3   | Reached skill level 1 in Evocations
 18168 | Lair:3   | Found a staircase to the Swamp.
 18221 | Lair:3   | Reached skill level 2 in Evocations
 18283 | Lair:3   | Found a frozen archway.
 18298 | Lair:3   | Reached skill level 3 in Evocations
 18314 | IceCv    | Entered an ice cave
 19296 | IceCv    | Learned a level 4 spell: Fulminant Prism
 19393 | IceCv    | Reached skill level 4 in Evocations
 34875 | Lair:3   | Reached skill level 5 in Evocations
 35498 | Lair:3   | Reached XP level 13. HP: 91/91 MP: 17/17
 35631 | Lair:3   | Reached skill level 6 in Evocations
 36288 | Lair:5   | Reached skill level 7 in Evocations
 36507 | Lair:5   | Gained mutation: You have sharp toenails. [potion of mutation]
 36507 | Lair:5   | Gained mutation: Armour fits poorly on your strangely shaped body. [potion of mutation]
 36507 | Lair:5   | Lost mutation: You have sharp toenails. [potion of mutation]
 36508 | Lair:5   | Gained mutation: You are partially covered in rough black scales (AC +4, Dex -1). [potion of mutation]
 36508 | Lair:5   | Gained mutation: Your magical capacity is low (-10% MP). [potion of mutation]
 36509 | Lair:5   | Gained mutation: Your mind is acute. (Int +2) [potion of mutation]
 36509 | Lair:5   | Gained mutation: You possess an exceptional clarity of mind. [potion of mutation]
 36509 | Lair:5   | Gained mutation: Your body sometimes deteriorates upon taking damage. [potion of mutation]
 36510 | Lair:5   | Lost mutation: Your magical capacity is low (-10% MP). [potion of cure mutation]
 36510 | Lair:5   | Lost mutation: Your mind is acute. (Int +2) [potion of cure mutation]
 36510 | Lair:5   | Lost mutation: Your body sometimes deteriorates upon taking damage. [potion of cure mutation]
 36726 | Lair:5   | Found a staircase to the Snake Pit.
 37583 | Lair:6   | Reached skill level 15 in Hexes
 38159 | Lair:7   | Reached skill level 16 in Hexes
 38727 | Lair:7   | Found a viscous altar of Jiyva.
 38729 | Lair:7   | Found a staircase to the Slime Pits.
 38873 | Lair:7   | Reached skill level 17 in Hexes
 38955 | Lair:8   | Entered Level 8 of the Lair of Beasts
 39155 | Lair:8   | Reached skill level 18 in Hexes
 39556 | Lair:8   | Reached XP level 14. HP: 98/98 MP: 3/19
 40048 | Lair:8   | Reached skill level 19 in Hexes
 40098 | Lair:8   | Identified a scroll of acquirement
 40101 | Lair:8   | Got a faintly glowing ivory ring
 40103 | Lair:8   | Identified the ring of Baugrass {rF+ rN+ Str-2 Dex+2} (You acquired it on level 8 of the Lair of Beasts)
 40532 | Lair:7   | Reached skill level 1 in Ice Magic
 41140 | Lair:7   | Reached skill level 2 in Ice Magic
 41218 | Lair:7   | Upgraded the game from 0.17-a0-1996-gd2c0ec8 to 0.17-a0-2002-g92c7e20
 41622 | Lair:7   | Reached skill level 3 in Ice Magic
 41858 | Lair:8   | Reached skill level 4 in Ice Magic
 42219 | Lair:8   | Reached skill level 5 in Ice Magic
 42954 | Lair:8   | Noticed Maud
 42961 | Lair:8   | Killed Maud
 43168 | Lair:8   | Reached skill level 6 in Fighting
 43168 | Lair:8   | Reached skill level 7 in Dodging
 43270 | Lair:6   | HP: 22/100 [spiny frog (20)]
 45191 | Lair:4   | Reached skill level 8 in Dodging
 45568 | Lair:4   | Reached skill level 7 in Fighting
 46515 | D:12     | Reached skill level 1 in Invocations
 46734 | D:12     | Reached skill level 2 in Invocations
 47021 | D:12     | Reached skill level 3 in Invocations
 47457 | D:12     | Found a staircase to the Orcish Mines.
 47511 | Orc:1    | Entered Level 1 of the Orcish Mines
 47523 | Orc:1    | Noticed Harold
 47530 | Orc:1    | Killed Harold
 47530 | Orc:1    | Reached skill level 4 in Invocations
 47862 | Orc:2    | Found Ostujaz's Food Shoppe.
 48272 | Orc:4    | Entered Level 4 of the Orcish Mines
 48274 | Orc:4    | Found a roughly hewn altar of Beogh.
 48279 | Orc:4    | Found Yhuver's Antique Weapon Shop.
 48374 | Orc:3    | Found Xume's Food Shoppe.
 48379 | Orc:3    | Found a staircase to the Elven Halls.
 49045 | Orc:4    | Reached XP level 15. HP: 108/108 MP: 20/20
 49279 | Orc:3    | Reached skill level 5 in Invocations
 49573 | Orc:4    | Found Neop's Jewellery Shop.
 49577 | Orc:4    | Found Gukled's Jewellery Boutique.
 49817 | Orc:4    | Reached skill level 6 in Invocations
 50223 | Orc:4    | Reached skill level 7 in Invocations
 50454 | Orc:4    | Found Qohoprir's Armour Shoppe.
 50491 | Orc:4    | Found Rikh's Armour Shop.
 50541 | Orc:4    | Bought the ring of Kaisyfi {Wiz +Inv rElec MP-9 Str+5} for 676 gold pieces
 50635 | Elf:1    | Entered Level 1 of the Elven Halls
 51286 | Elf:1    | Noticed Asterion
 51303 | Elf:1    | Killed Asterion
 51303 | Elf:1    | Reached skill level 8 in Evocations
 51510 | Elf:1    | Found an ancient bone altar of Kikubaaqudgha.
 51809 | Elf:1    | Reached skill level 9 in Evocations
 52751 | Elf:1    | Reached skill level 10 in Evocations
 54002 | Elf:2    | Reached skill level 11 in Evocations
 54169 | Elf:2    | Reached XP level 16. HP: 115/115 MP: 15/24
 54700 | Elf:2    | Found a huge runed gate.
 54700 | Elf:2    | Found a huge runed gate.
 54700 | Elf:2    | Found a huge runed gate.
 54700 | Elf:2    | Found a huge runed gate.
 54700 | Elf:2    | Found a huge runed gate.
 54703 | Elf:2    | Reached skill level 12 in Evocations
 55011 | Elf:2    | HP: 21/115 [vampiric triple sword (41)]
 55016 | Elf:2    | HP: 21/115 [deep elf knight/stone arrow (27)]
 55802 | Elf:2    | Reached skill level 1 in Long Blades
 55806 | Elf:2    | Reached skill level 2 in Long Blades
 55853 | Elf:2    | Reached skill level 3 in Long Blades
 56129 | Elf:2    | Reached skill level 4 in Long Blades
 56186 | Elf:2    | HP: 27/115 [dire flail of protection (13)]
 56187 | Elf:2    | Gained mutation: You occasionally shout uncontrollably at your foes. [mutagenic glow]
 56662 | Elf:2    | Reached skill level 5 in Long Blades
 57095 | Elf:2    | Reached skill level 6 in Long Blades
 57113 | Elf:2    | Gained mutation: You tend to lose your temper in combat. [mutagenic glow]
 57155 | Elf:3    | Entered Level 3 of the Elven Halls
 57231 | Elf:3    | Found Racuesh's Jewellery Shoppe.
 57239 | Elf:3    | Bought the ring "Rouwouhe" {SustAt rN+ MR+ Str+4 Stlth+} for 455 gold pieces
 57306 | Elf:2    | Reached skill level 7 in Long Blades
 57343 | Elf:2    | Gained mutation: You expend magic power (3 MP) to strengthen your wands. [mutagenic glow]
 58118 | Elf:3    | Found a roughly hewn altar of Beogh.
 58151 | Elf:3    | Reached skill level 8 in Long Blades
 58534 | Elf:3    | Reached skill level 9 in Long Blades
 58621 | Elf:3    | Noticed a deep elf blademaster
 58627 | Elf:3    | Noticed a deep elf blademaster
 58652 | Elf:3    | Lost mutation: Armour fits poorly on your strangely shaped body. [mutagenic glow]
 59643 | Elf:3    | Gained mutation: Your body sometimes deteriorates upon taking damage. [mutagenic glow]
 60268 | Elf:3    | Noticed a deep elf master archer
 60296 | Elf:3    | Reached skill level 10 in Long Blades
 60296 | Elf:3    | Reached XP level 17. HP: 84/120 MP: 0/26
 60609 | Elf:3    | Killed a deep elf master archer
 60910 | Elf:3    | Reached skill level 11 in Long Blades
 60944 | Elf:3    | Noticed a deep elf master archer
 61224 | Elf:3    | Got an ancient golden ring
 61689 | Elf:3    | Noticed a deep elf master archer
 61719 | Elf:3    | Killed a deep elf master archer
 61775 | Elf:3    | Reached skill level 12 in Long Blades
 61846 | Elf:3    | Noticed a Brimstone Fiend
 62354 | Elf:3    | Noticed an Ice Fiend
 62402 | Elf:3    | HP: 30/120 [sixfirhy[a deep elf high priest] (2)]
 62412 | Elf:3    | HP: 3/120 [deep elf high priest/burst of hellfire (31)]
 62413 | Elf:3    | Killed from afar by a deep elf high priest

Vault maps used:
D:1:      dpeg_arrival_round_c
D:2:      bloody_trog, makhleb_grotto_becter, uniq_jessica
D:3:      minmay_tree_intersection, dk_yredelemnul_ordeal, uniq_iyjb
D:4:      first_bread, serial_shops, nicolae_shop_trees,
          hangedman_decor_diamond_cutter
D:5:      old_standard_altar, kennysheep_mini, fedhas_altar_fruit_tree,
          minmay_lizard_king, uniq_edmund
D:6:      nicolae_qazlal_general_emergency, minmay_temple_entry_enclosed_plants,
          basic_altar, uniq_sigmund
D:7:      old_standard_altar, lemuel_round_altar, the_bakery
D:8:      grunt_temple_overflow_magic_moments, nicolae_ossuary_entry_ruins,
          serial_shops, nicolae_shop_trees, minmay_item_behind_shaft,
          makhleb_heckhound_becter, uniq_joseph
D:9:      serial_shops, nicolae_shop_trees, nicolae_shop_trees,
          mrwooster_statue_mirror
D:10:     serial_glass, glass_columns_c, glass_columns_a, glass_columns_a,
          glass_columns_b, glass_columns_c, uniq_erica
D:11:     david_lair_generic, serial_shops, bzr_entry_lakeside,
          statue_in_the_mist_lemuel
D:12:     minmay_orc_entry_guard_dogs
Temple:   corrupted_temple
Lair:1:   minmay_hedge_maze, grunt_megastairs_3, uniq_urug
Lair:2:   beast_lair_carwin_large_3, bh_autumn_forest_stairs
Lair:3:   swamp_mist, portal_ice_cave_entry_ice_beasts, st_stairs_11,
          grunt_forest_large_clearing_hut, lemuel_fruit_tree,
          serial_bayou_shore_a, infiniplex_staircase_pool
Lair:4:   bobbens_dragon_lair_wall
Lair:5:   guppyfry_snake_entry_island
Lair:6:   serial_bayou_pond_a, lemuel_fruit_fields, serial_bayou_shore_b
Lair:7:   slime_altar_1
Lair:8:   hangedman_lair_tendril_chambers, guppyfry_lair_end_dragon, uniq_maud
Orc:1:    uniq_snorg, uniq_harold
Orc:2:    serial_shops, nicolae_shop_statue_plus
Orc:3:    serial_shops, nicolae_shop_scaring_up_business,
          nicolae_orc_pool_cavern
Orc:4:    st_orc_open, serial_shops, shop, basic_altar
Elf:1:    basic_altar, orc_legates, corexii_hall_statues_deadend, uniq_asterion
Elf:3:    nooodl_elf_gasket, serial_shops, nicolae_shop_crystal, special_room,
          nicolae_elf_big_sculpture_1, minivault_14
Bazaar:   bazaar_minmay_cross
Ossuary:  ossuary_due_mausoleum
IceCv:    ice_cave_statue_garden_02

Action                   |  1- 3 |  4- 6 |  7- 9 | 10-12 | 13-15 | 16-18 || total
-------------------------+-------+-------+-------+-------+-------+-------++-------
Melee: Dagger            |   164 |    83 |   391 |   898 |  1792 |   303 ||  3631
       Double sword      |       |       |       |       |    52 |       ||    52
       Triple sword      |       |       |       |       |       |   193 ||   193
 Cast: Corona            |     2 |       |       |       |     2 |       ||     4
       Ensorcelled Hiber |    12 |    21 |    35 |    15 |   208 |     2 ||   293
       Confuse           |       |     2 |    48 |   129 |   150 |     1 ||   330
       Dazzling Spray    |       |       |     1 |       |    52 |    57 ||   110
       Fulminant Prism   |       |       |       |    26 |    19 |     2 ||    47
Invok: Shadow Step       |       |       |       |       |     1 |       ||     1
       Shadow Form       |       |       |       |       |       |     1 ||     1
 Abil: Evoke Blink       |       |       |       |     2 |     2 |       ||     4
       Evoke Invisibilit |       |       |       |       |    10 |    34 ||    44
Evoke: Wand              |       |       |       |     2 |     4 |       ||     6
       Deck              |       |       |       |       |     1 |       ||     1
  Use: Potion            |       |     5 |     6 |    13 |    14 |    21 ||    59
       Scroll            |       |       |     9 |    17 |    11 |     8 ||    45
 Stab: Sleeping          |    15 |    22 |    52 |    99 |   228 |    26 ||   442
       Confused          |       |     1 |    29 |    82 |    81 |     1 ||   194
       Distracted        |       |       |     1 |     9 |    29 |     6 ||    45
       Invisible         |       |       |       |     3 |    41 |    87 ||   131

Vault maps used:
D:1:      dpeg_arrival_round_c
D:2:      bloody_trog, makhleb_grotto_becter, uniq_jessica
D:3:      minmay_tree_intersection, dk_yredelemnul_ordeal, uniq_iyjb
D:4:      first_bread, serial_shops, nicolae_shop_trees,
          hangedman_decor_diamond_cutter
D:5:      old_standard_altar, kennysheep_mini, fedhas_altar_fruit_tree,
          minmay_lizard_king, uniq_edmund
D:6:      nicolae_qazlal_general_emergency, minmay_temple_entry_enclosed_plants,
          basic_altar, uniq_sigmund
D:7:      old_standard_altar, lemuel_round_altar, the_bakery
D:8:      grunt_temple_overflow_magic_moments, nicolae_ossuary_entry_ruins,
          serial_shops, nicolae_shop_trees, minmay_item_behind_shaft,
          makhleb_heckhound_becter, uniq_joseph
D:9:      serial_shops, nicolae_shop_trees, nicolae_shop_trees,
          mrwooster_statue_mirror
D:10:     serial_glass, glass_columns_c, glass_columns_a, glass_columns_a,
          glass_columns_b, glass_columns_c, uniq_erica
D:11:     david_lair_generic, serial_shops, bzr_entry_lakeside,
          statue_in_the_mist_lemuel
D:12:     minmay_orc_entry_guard_dogs
Temple:   corrupted_temple
Lair:1:   minmay_hedge_maze, grunt_megastairs_3, uniq_urug
Lair:2:   beast_lair_carwin_large_3, bh_autumn_forest_stairs
Lair:3:   swamp_mist, portal_ice_cave_entry_ice_beasts, st_stairs_11,
          grunt_forest_large_clearing_hut, lemuel_fruit_tree,
          serial_bayou_shore_a, infiniplex_staircase_pool
Lair:4:   bobbens_dragon_lair_wall
Lair:5:   guppyfry_snake_entry_island
Lair:6:   serial_bayou_pond_a, lemuel_fruit_fields, serial_bayou_shore_b
Lair:7:   slime_altar_1
Lair:8:   hangedman_lair_tendril_chambers, guppyfry_lair_end_dragon, uniq_maud
Orc:1:    uniq_snorg, uniq_harold
Orc:2:    serial_shops, nicolae_shop_statue_plus
Orc:3:    serial_shops, nicolae_shop_scaring_up_business,
          nicolae_orc_pool_cavern
Orc:4:    st_orc_open, serial_shops, shop, basic_altar
Elf:1:    basic_altar, orc_legates, corexii_hall_statues_deadend, uniq_asterion
Elf:3:    nooodl_elf_gasket, serial_shops, nicolae_shop_crystal, special_room,
          nicolae_elf_big_sculpture_1, minivault_14
Bazaar:   bazaar_minmay_cross
Ossuary:  ossuary_due_mausoleum
IceCv:    ice_cave_statue_garden_02

Table legend:
 A = Turns spent in this place as a percentage of turns spent in the entire game.
 B = Non-inter-level travel turns spent in this place as a percentage of non-inter-level travel turns spent in the entire game.
 C = Inter-level travel turns spent in this place as a percentage of turns spent in this place.
 D = Turns resting spent in this place as a percentage of non-inter-level travel turns spent in this place.
 E = Turns spent auto-exploring this place as a percentage of non-inter-level travel turns spent in this place.
 F = Non-inter-level travel turns spent in this place divided by the number of levels of this place that you've seen.
                   A       B       C       D       E      F
               +-------+-------+-------+-------+-------+----------------------
         Total | 100.0 | 100.0 |   1.4 |   3.1 |   3.1 | 587.9
       Dungeon |  34.0 |  33.9 |   1.5 |   2.4 |   4.3 | 515.5
        Temple |   0.2 |   0.2 |   0.0 |   0.0 |   0.0 |  32.0
          Lair |  31.8 |  31.8 |   1.6 |   2.3 |   2.7 | 723.5
  Orcish Mines |   8.8 |   8.8 |   2.0 |   2.3 |   4.1 | 400.5
   Elven Halls |  20.8 |  20.9 |   1.1 |   4.6 |   1.9 | 1269.3
        Bazaar |   0.3 |   0.3 |   0.0 |   0.0 |  10.0 |  50.0
       Ossuary |   1.5 |   1.5 |   0.0 |   2.5 |   0.4 | 280.0
      Ice Cave |   2.6 |   2.6 |   0.0 |  11.7 |   0.6 | 478.0
               +-------+-------+-------+-------+-------+----------------------

Table legend:
 A = Kills in this place as a percentage of kills in entire the game.
 B = Kills by you in this place as a percentage of kills by you in the entire game.
 C = Kills by friends in this place as a percentage of kills by friends in the entire game.
 D = Other kills in this place as a percentage of other kills in the entire game.
 E = Experience gained in this place as a percentage of experience gained in the entire game.
 F = Experience gained in this place divided by the number of levels of this place that you have seen.
                   A       B       C       D       E      F
               +-------+-------+-------+-------+-------+----------------------
         Total | 100.0 | 100.0 |  -nan | 100.0 | 100.0 | 8088.4
       Dungeon |  33.4 |  33.3 |  -nan |  50.0 |  11.4 | 2384.3
          Lair |  31.6 |  31.6 |  -nan |  40.0 |  26.9 | 8422.2
  Orcish Mines |  10.8 |  10.9 |  -nan |   0.0 |   6.5 | 4092.2
   Elven Halls |  21.0 |  21.1 |  -nan |  10.0 |  54.0 | 45092.7
       Ossuary |   2.3 |   2.3 |  -nan |   0.0 |   0.1 | 256.0
      Ice Cave |   0.8 |   0.8 |  -nan |   0.0 |   1.1 | 2847.0
               +-------+-------+-------+-------+-------+----------------------
